[Event "Kvibergspelen 2022"]
[Site "Kviberg Park Hotel & Conference, Krutvagen 2, Gothenburg, Sweden"]
[Date "2022.09.30"]
[Round "2.6"]
[White "Fridgeirsson, Dagur Andri"]
[Black "Stefansson, Vignir Vatnar"]
[Result "0-1"]
[TimeControl "15 minutes + 5 seconds per move from move one (Round 1 - 4) / 90 minutes + 30 seconds per move from move one (Round 5 - 8)"]
[BlackTitle "IM"]
[WhiteFideId "2303124"]
[BlackFideId "2308649"]
[WhiteElo "1943"]
[BlackElo "2452"]

1. d4 d5 2. c4 e6 3. Nc3 Bb4 4. Qc2 dxc4 5. Nf3 a6 6. a4 Nc6 7. e3 Na5 8. Bd2 c6 9. Ne5 b5 10.
axb5 cxb5 11. Nxc4 Nxc4 12. Bxc4 Bb7 13. Bd3 Nf6 14. O-O O-O 15. Ne4 Rc8 16. Nxf6+ Qxf6 17. Qd1 Qg5 18. f3 Bxd2 19.
Qxd2 Rfd8 20. Qf2 e5 21. Be4 Bxe4 22. fxe4 Qg6 23. d5 f6 24. Qf3 Rc4 25. Rxa6 Qxe4 26. Qg3 Qg6 27. Qxg6 hxg6 28. d6 Rd7 29.
Rd1 Kf7 30. Rb6 Rb4 31. Rd2 Ke6 32. Kf2 g5 33. h3 f5 34. Ke2 Rb3 35. Kf2 g6 36. Ke2 f4 37. exf4 gxf4 38. Kf2 g5 39. Ke2 e4 40. Kd1 e3 41. Rd4 Rxb2 42. Re4+ Kf6 43. Re8 Rd2+ 44. Kc1 R7xd6 45. Rxb5 Rxg2 46. Rf8+ Kg7 47. Rff5 Kg6 48. Rf8 e2 49. Rg8+ Kf6 0-1

[Event "Kvibergspelen 2022"]
[Site "Kviberg Park Hotel & Conference, Krutvagen 2, Gothenburg, Sweden"]
[Date "2022.09.30"]
[Round "2.7"]
[White "Mitusov, Semen"]
[Black "Hagevi, Vidar"]
[Result "1/2-1/2"]
[TimeControl "15 minutes + 5 seconds per move from move one (Round 1 - 4) / 90 minutes + 30 seconds per move from move one (Round 5 - 8)"]
[WhiteTitle "FM"]
[WhiteFideId "14151049"]
[BlackFideId "1767526"]
[WhiteElo "2418"]
[BlackElo "1922"]

1. e4 e6 2. d4 d5 3. Nd2 c5 4. Ngf3 cxd4 5. Nxd4 Nc6 6. Bb5 Bd7 7. Nxc6 bxc6 8. Bd3 Bd6 9. Qe2 Qc7 10.
Nf3 dxe4 11. Qxe4 Nf6 12. Qh4 h6 13. O-O Nd5 14. Rd1 Nf4 15. Bf1 g5 16. Nxg5 Ng6 17. Nxe6 Nxh4 18. Nxc7+ Bxc7 19.
Bc4 Be6 20. Bxe6 fxe6 21. Be3 Nf5 22.
Bc5 Bb6 23. Bb4 Rd8 24. Re1 Kf7 25. a4 a5 26. Bc3 Rhe8 27. h3 Nd4 28. Rac1 Rd5 29. Re4 c5 30. Rf4+ Kg6 31. Rg4+ Kh7 32.
Re1 Bc7 33. Kf1 Rd7 34. Rge4 Nxc2 35. Rxe6 Rxe6 36. Rxe6 Nd4 37. Ra6 Bd8 38. Bd2 Nf5 39. Bxa5 Bxa5 40. Rxa5 Rc7 41. Ke2 Kg6 42. Kd3 Nd6 43. Ra6 Rd7 44. Rc6 Kf7 45. f3 Ke7 46. Kc2 Nc4 47.
Rxc5 Ne3+ 48. Kc3 Nxg2 49. a5 Kd6 50. Rh5 Rh7 51. a6 Nf4 52. Ra5 Ra7 53. b4 Nd5+ 54. Kc4 Ne3+ 55. Kb5 Nd5 56.
Ra1 Ra8 57. a7 Kc7 58. Ra6 Kb7 59. Rxh6 Nc7+ 60. Kc5 Rxa7 61. h4 Ra3 62. Rf6 Rc3+ 63. Kd4 Rb3 64. Kc4 Rxb4+ 65. Kxb4 Nd5+ 66. Kc5 Nxf6 67. Kd6 Kc8 68. Ke6 Nh5 69. Kf5 Kd7 70. Kg5 Ng3 71. h5 Ke7 72.
Kg6 Nxh5 73. Kxh5 Kf6 74. Kg4 Kg6 75. Kf4 Kf6 76. Ke4 Ke6 77. f4 Kf6 78. f5 Kf7 79. Ke5 Ke7 80. f6+ Kf7 81. Kf5 Kf8 82. Ke6 Ke8 83. Ke5 Kf7 84. Kf5 Kf8 85. Kg6 Kg8 86. f7+ Kf8 87. Kf6 1/2-1/2

[Event "Kvibergspelen 2022"]
[Site "Kviberg Park Hotel & Conference, Krutvagen 2, Gothenburg, Sweden"]
[Date "2022.09.30"]
[Round "2.8"]
[White "Frisk, Hans"]
[Black "Golubka, Petro"]
[Result "0-1"]
[TimeControl "15 minutes + 5 seconds per move from move one (Round 1 - 4) / 90 minutes + 30 seconds per move from move one (Round 5 - 8)"]
[BlackTitle "GM"]
[WhiteFideId "1708570"]
[BlackFideId "14114224"]
[WhiteElo "1911"]
[BlackElo "2360"]

1. Nf3 e6 2. g3 d5 3. Bg2 g5 4. d4 h6 5. c4 Bg7 6. cxd5 exd5 7. Nc3 Nf6 8. h4 g4 9. Ne5 c6 10.
Bf4 Be6 11. h5 Nbd7 12. Qd2 Nb6 13. b3 Nfd7 14. Rh4 Nxe5 15. Bxe5 Bxe5 16. dxe5 Qg5 17. Qd4 Nd7 18. Qf4 Qxe5 19.
Qxe5 Nxe5 20. O-O-O f5 21. f3 Ke7 22. fxg4 Nxg4 23. Rd3 Rhg8 24. Rf3 Rg5 25. Na4 Kd6 26. Bh3 Ne5 27. Re3 Rag8 28.
Nc5 Kxc5 29. Rxe5 Kd6 30. Re3 Rxg3 0-1

[Event "Kvibergspelen 2022"]
[Site "Kviberg Park Hotel & Conference, Krutvagen 2, Gothenburg, Sweden"]
[Date "2022.09.30"]
[Round "2.9"]
[White "Hamark, Jesper"]
[Black "Nilsson, Oliver"]
[Result "1-0"]
[TimeControl "15 minutes + 5 seconds per move from move one (Round 1 - 4) / 90 minutes + 30 seconds per move from move one (Round 5 - 8)"]
[WhiteFideId "1704338"]
[BlackFideId "1730177"]
[WhiteElo "2348"]
[BlackElo "1909"]

1. e4 e5 2. d4 exd4 3. Nf3 Nc6 4. Bc4 Nf6 5. e5 Ne4 6. Qe2 Nc5 7. O-O Be7 8. c3 Ne6 9. Rd1 dxc3 10. Nxc3 d6 11. Nd5 O-O 12. b4 Bd7 13. Bb2 a6 14.
a4 Re8 15. Nxe7+ Qxe7 16. exd6 cxd6 17. Qd2 Rad8 18. Qc3 f6 19. Qb3 Bc8 20. Bd5 Ne5 21. Nd4 Kh8 22. Nf5 Qf7 23. Rac1 Qg6 24.
Rxc8 Rxc8 25. Bxe6 Rxe6 26. Qxe6 Re8 27. Qxd6 Qxf5 28. Bxe5 fxe5 29. Qd7 Qxd7 30. Rxd7 Rc8 31. g3 h6 32. Rxb7 Rc1+ 33. Kg2 Ra1 34. a5 Rb1 35. Kf3 Kg8 36.
h4 Kf8 37. Ke4 Re1+ 38. Kf3 g5 39. h5 e4+ 40. Kg2 Re2 41. Kf1 Rb2 42. Rb6 Kg7 43. Ke1 Rb1+ 44. Ke2 Rh1 45. Rg6+ Kh7 46. Rxa6 Rxh5 47. Re6 g4 48.
Rxe4 Rg5 49. a6 h5 50.
a7 Rg8 51. b5 1-0

[Event "Kvibergspelen 2022"]
[Site "Kviberg Park Hotel & Conference, Krutvagen 2, Gothenburg, Sweden"]
[Date "2022.09.30"]
[Round "2.10"]
[White "Radberg, John"]
[Black "Mohammadi, Amir"]
[Result "0-1"]
[TimeControl "15 minutes + 5 seconds per move from move one (Round 1 - 4) / 90 minutes + 30 seconds per move from move one (Round 5 - 8)"]
[WhiteFideId "1720074"]
[BlackFideId "1705890"]
[WhiteElo "1909"]
[BlackElo "2294"]

1. e4 c5 2. Nf3 e6 3. d4 cxd4 4. Nxd4 Nf6 5. Nc3 d6 6. Be3 a6 7. Be2 Be7 8. a4 O-O 9. O-O Qc7 10.
f4 Bd7 11. Kh1 Nc6 12. Bf3 Rfd8 13. Qe2 Nxd4 14. Bxd4 Bc6 15. a5 Nd7 16. e5 dxe5 17. fxe5 Bc5 18. Bxc5 Nxc5 19. Bxc6 Qxc6 20.
Qh5 Rd7 21. Rf4 Rf8 22. Raf1 Rd2 23. Qg5 g6 24. Rc4 Rxc2 25. b4 Ne4 26. Nxe4 Qxc4 27. Nf6+ Kg7 28. Nh5+ Kg8 29. Nf6+ Kh8 30. Rg1 Rg8 31. Nxh7 Kxh7 32. Qh4+ Qxh4 0-1

[Event "Kvibergspelen 2022"]
[Site "Kviberg Park Hotel & Conference, Krutvagen 2, Gothenburg, Sweden"]
[Date "2022.09.30"]
[Round "2.11"]
[White "Olsson, William"]
[Black "Westerlund, Ola"]
[Result "1-0"]
[TimeControl "15 minutes + 5 seconds per move from move one (Round 1 - 4) / 90 minutes + 30 seconds per move from move one (Round 5 - 8)"]
[WhiteTitle "FM"]
[WhiteFideId "1741721"]
[BlackFideId "1712101"]
[WhiteElo "2288"]
[BlackElo "1907"]

1. c4 c5 2. Nc3 Nc6 3. g3 g6 4. Bg2 Bg7 5. a3 e5 6. Rb1 a5 7.
e3 Nge7 8. Nge2 d6 9. O-O Be6 10. Nd5 Rb8 11. Nec3 O-O 12. d3 f5 13. Bd2 Kh8 14. Qe1 b6 15. Qe2 Qd7 16. f4 Bg8 17. b4 axb4 18. axb4 Nxd5 19. Nxd5 Bxd5 20.
Bxd5 Nxb4 21. Bxb4 cxb4 22. Rxb4 exf4 23. gxf4 Rfe8 24. Kh1 Bd4 25. e4 Qa7 26. Rb5 Re7 27. Qd2 Rf8 28. Bc6 Qc7 29.
Bd5 Rg7 30. Be6 Qb7 1-0

[Event "Kvibergspelen 2022"]
[Site "Kviberg Park Hotel & Conference, Krutvagen 2, Gothenburg, Sweden"]
[Date "2022.09.30"]
[Round "2.13"]
[White "Kashwan, Hassan"]
[Black "Burwick, Malte"]
[Result "1-0"]
[TimeControl "15 minutes + 5 seconds per move from move one (Round 1 - 4) / 90 minutes + 30 seconds per move from move one (Round 5 - 8)"]
[WhiteFideId "137122555"]
[BlackFideId "1702475"]
[WhiteElo "1902"]
[BlackElo "2225"]

1. d4 g6 2. c4 Bg7 3. Nc3 d6 4. e4 Nd7 5. Be2 e5 6. d5 Ne7 7. h4 f5 8. Bg5 Nf6 9. Qd2 h6 10.
Bxf6 Bxf6 11. h5 g5 12. f3 O-O 13. Nh3 a6 14. Nf2 Bg7 15. Nd3 c5 16. a4 Bd7 17. a5 b6 18. axb6 Qxb6 19.
Na4 Qa7 20. Nf2 Rfb8 21. exf5 Rb4 22. f6 Rxa4 23. Rxa4 Bxa4 24. fxg7 Qb6 25. Ne4 Kxg7 26. O-O Rb8 27. Nxg5 hxg5 28.
Qxg5+ Kf7 29. f4 e4 30. h6 Qxb2 31. Bh5+ Kf8 32. f5 Qe5 33.
h7 Qd4+ 34. Kh1 Qg7 35. Qxg7+ Kxg7 36. f6+ Kxh7 37. fxe7 Kh6 38. g4 e3 39. Re1 Be8 40. Bxe8 Rxe8 41. Rxe3 Kg5 42. Kg2 Kxg4 43. Kf2 Kf4 44. Re6 a5 45. Ke2 a4 46. Kd2 a3 47. Kc2 Kf5 48. Kb3 1-0

[Event "Kvibergspelen 2022"]
[Site "Kviberg Park Hotel & Conference, Krutvagen 2, Gothenburg, Sweden"]
[Date "2022.09.30"]
[Round "2.14"]
[White "Johannesson, Oliver"]
[Black "Hauksson, Hordur Aron"]
[Result "1-0"]
[TimeControl "15 minutes + 5 seconds per move from move one (Round 1 - 4) / 90 minutes + 30 seconds per move from move one (Round 5 - 8)"]
[WhiteTitle "FM"]
[WhiteFideId "2305623"]
[BlackFideId "2303680"]
[WhiteElo "2205"]
[BlackElo "1882"]

1. d4 d5 2. c4 e6 3. Nc3 Nf6 4. cxd5 exd5 5. Bg5 c6 6. Qc2 h6 7. Bh4 Nbd7 8. e3 Be7 9. Bd3 O-O 10.
Nge2 Re8 11. f3 c5 12. O-O cxd4 13. Nxd4 Ne5 14. Rad1 Be6 15. Qb3 Qb6 16. Qxb6 axb6 17. Bf5 Bxf5 18. Nxf5 Nc4 19. Nxe7+ Rxe7 20.
Bxf6 gxf6 21. Nxd5 Rxe3 22. b3 Rxa2 23. bxc4 Ree2 24. Nf4 Rec2 25. Rc1 Rcb2 26. Rb1 Rc2 27. Rxb6 Rxc4 28. Nh3 Rcc2 29. Nf2 Ra7 30. Rxf6 Kg7 31. Rb6 Rd2 32. h3 Re2 33.
Ne4 Raa2 34. Rf2 Re1+ 35. Kh2 Rxe4 36. Rxa2 1-0

[Event "Kvibergspelen 2022"]
[Site "Kviberg Park Hotel & Conference, Krutvagen 2, Gothenburg, Sweden"]
[Date "2022.09.30"]
[Round "2.15"]
[White "Nackholm, Erik"]
[Black "Rasti, Arvin"]
[Result "0-1"]
[TimeControl "15 minutes + 5 seconds per move from move one (Round 1 - 4) / 90 minutes + 30 seconds per move from move one (Round 5 - 8)"]
[WhiteFideId "1721593"]
[BlackFideId "1741160"]
[WhiteElo "1861"]
[BlackElo "2186"]

1. e4 c6 2. d4 d5 3. exd5 cxd5 4. Bd3 Nf6 5.
c3 Bg4 6. Qb3 Qc7 7. h3 Bd7 8. Nf3 e6 9. Ne5 Bd6 10. Nxd7 Nbxd7 11. Na3 a6 12. Nc2 O-O 13. O-O Nh5 14.
Re1 Nf4 15. Bf1 Nf6 16. Nb4 Ne4 17. Nd3 Nxd3 18. Bxd3 Nxf2 19. Kxf2 Bg3+ 20. Kf1 Bxe1 21. Kxe1 Qg3+ 22. Kd2 Qxg2+ 23. Be2 f5 24. Qd1 f4 25. Ke1 f3 26. Bf1 Qg3+ 27. Kd2 e5 28. dxe5 d4 29. cxd4 Rad8 30. Qb3+ Kh8 31. Qe3 Rf4 32.
d5 Rxd5+ 33. Kc2 Qg6+ 34. Bd3 Rc4+ 0-1

[Event "Kvibergspelen 2022"]
[Site "Kviberg Park Hotel & Conference, Krutvagen 2, Gothenburg, Sweden"]
[Date "2022.09.30"]
[Round "2.16"]
[White "Malmqvist, Glenn"]
[Black "Frost, Niklas"]
[Result "1-0"]
[TimeControl "15 minutes + 5 seconds per move from move one (Round 1 - 4) / 90 minutes + 30 seconds per move from move one (Round 5 - 8)"]
[WhiteFideId "1705750"]
[BlackFideId "1717235"]
[WhiteElo "2172"]
[BlackElo "1843"]

1. e4 c5 2. Nf3 g6 3. d4 cxd4 4. Nxd4 Bg7 5. c4 Nc6 6. Be3 Nf6 7. Nc3 d6 8. Be2 O-O 9. O-O Ng4 10.
Bxg4 Bxg4 11. Nxc6 Bxd1 12. Nxd8 Bc2 13. Nxb7 Rfb8 14. Rac1 Bd3 15. Rfd1 Bxc4 16. Na5 Be6 17. b3 a6 18.
Nd5 Kf8 19. Nc7 1-0

[Event "Kvibergspelen 2022"]
[Site "Kviberg Park Hotel & Conference, Krutvagen 2, Gothenburg, Sweden"]
[Date "2022.09.30"]
[Round "2.17"]
[White "Morell, Ludvig"]
[Black "Nygren, David"]
[Result "1/2-1/2"]
[TimeControl "15 minutes + 5 seconds per move from move one (Round 1 - 4) / 90 minutes + 30 seconds per move from move one (Round 5 - 8)"]
[WhiteFideId "1736779"]
[BlackFideId "1704761"]
[WhiteElo "1846"]
[BlackElo "2165"]

1. e4 c5 2. Nf3 Nc6 3. d4 cxd4 4. Nxd4 e5 5. Nb5 d6 6. N1c3 a6 7. Na3 b5 8. Nd5 Nge7 9. c4 Nd4 10.
cxb5 Nxd5 11. exd5 g6 12. Be3 Nf5 13. bxa6 Nxe3 14. fxe3 Bh6 15. Bb5+ Kf8 16. O-O Bxa6 17. Bxa6 Rxa6 18.
Qf3 Ra7 19. Nc4 Kg7 20. b3 f5 21. e4 Rf8 22. exf5 Rxf5 23. Qe4 Raf7 24. Rxf5 gxf5 25. Qd3 Kh8 26. Rf1 e4 27. Qh3 Qf6 28.
Ne3 f4 29. Ng4 Qd4+ 30. Kh1 Bg7 31. Nh6 Rf8 32. Qe6 Qf6 33. Qxf6 Rxf6 34. Ng4 Rf5 35. h3 h5 36. Nh2 Bh6 37.
Rd1 e3 38. Nf3 Bg7 39. Kg1 Bc3 40. Kf1 Rf7 41. Ke2 Ra7 42. a4 Bb4 43. Rd4 Bc5 44. Rxf4 Rb7 45. b4 Bxb4 46. Kxe3 Ba3 47.
Ke2 Rb2+ 48. Kf1 Bc5 49. Ne1 Rb1 50. Ke2 Rb2+ 51. Kf3 Rd2 52. Re4 Rxd5 53. Nc2 Rd2 54. Ne3 1/2-1/2

[Event "Kvibergspelen 2022"]
[Site "Kviberg Park Hotel & Conference, Krutvagen 2, Gothenburg, Sweden"]
[Date "2022.09.30"]
[Round "2.18"]
[White "Kvarby, Anders"]
[Black "Johannsson, Birkir Isak"]
[Result "0-1"]
[TimeControl "15 minutes + 5 seconds per move from move one (Round 1 - 4) / 90 minutes + 30 seconds per move from move one (Round 5 - 8)"]
[WhiteFideId "1746596"]
[BlackFideId "2314673"]
[WhiteElo "1835"]
[BlackElo "2165"]

1. d4 d5 2. Bf4 c5 3. e3 Nc6 4. Nf3 Nf6 5. Nc3 Bg4 6. Be2 e6 7. h3 Bxf3 8. Bxf3 cxd4 9. exd4 Qb6 10.
Ne2 Qxb2 11. O-O Be7 12. Rb1 Qxa2 13. Rxb7 O-O 14. Qd3 Rfc8 15. Nc3 Qa5 16. Nb5 Qa6 17. Nd6 Qxd3 18. cxd3 Bxd6 19.
Bxd6 Nxd4 20. Bd1 Ne8 21. Bh2 a5 22. Ba4 h6 23. Rfb1 Nc6 24. g4 Nb4 25. d4 Nf6 26. Bd6 Ne4 27.
Bxb4 axb4 28. R1xb4 Rc1+ 29. Kg2 Ra1 30. Rb8+ Rxb8 31. Rxb8+ Kh7 32. Be8 Ra2 0-1

[Event "Kvibergspelen 2022"]
[Site "Kviberg Park Hotel & Conference, Krutvagen 2, Gothenburg, Sweden"]
[Date "2022.09.30"]
[Round "2.19"]
[White "Degerfeldt, Sven"]
[Black "Bohman Karlholm, Adrian"]
[Result "0-1"]
[TimeControl "15 minutes + 5 seconds per move from move one (Round 1 - 4) / 90 minutes + 30 seconds per move from move one (Round 5 - 8)"]
[WhiteFideId "1717430"]
[BlackFideId "1720643"]
[WhiteElo "1830"]
[BlackElo "2117"]

1. Nf3 d5 2. e3 c5 3. d4 e6 4. dxc5 Bxc5 5. a3 Nc6 6. c4 a5 7. cxd5 exd5 8. Nc3 Nf6 9. Be2 O-O 10.
O-O Bg4 11. h3 Bh5 12. Nb5 Re8 13. Qc2 Bb6 14. b3 Rc8 15. Qb2 Ne4 16. Rd1 Qd7 17. Bd2 Bd8 18.
Rac1 Bf6 19. Qb1 Qe7 20. Be1 Red8 21. Qa2 h6 22. b4 axb4 23. Rxd5 Bg6 24. Rcd1 Nc3 25. Bxc3 bxc3 26. Rxd8+ Rxd8 27.
Rxd8+ Qxd8 28. Ne1 Qd2 0-1

[Event "Kvibergspelen 2022"]
[Site "Kviberg Park Hotel & Conference, Krutvagen 2, Gothenburg, Sweden"]
[Date "2022.09.30"]
[Round "3.1"]
[White "Johannsson, Birkir Isak"]
[Black "Agdestein, Simen"]
[Result "1-0"]
[TimeControl "15 minutes + 5 seconds per move from move one (Round 1 - 4) / 90 minutes + 30 seconds per move from move one (Round 5 - 8)"]
[BlackTitle "GM"]
[WhiteFideId "2314673"]
[BlackFideId "1500015"]
[WhiteElo "2165"]
[BlackElo "2576"]

1. c4 e5 2. Nc3 Nf6 3. Nf3 e4 4. Ng5 c6 5. Qa4 b5 6. cxb5 d5 7. bxc6 Qb6 8. e3 Nxc6 9. Bb5 Bd7 10.
Nxd5 Nxd5 11. Qxe4+ Nde7 12. Bc4 f5 13. Bf7+ Kd8 14. Qf3 Rc8 15. O-O h6 16. Qh5 Ne5 17. Bb3 g6 18. Qh4 Bg7 19.
Nf7+ Nxf7 20. Bxf7 g5 21. Qh5 Be6 22. d4 Rf8 23. Bxe6 Qxe6 24. Bd2 Nd5 25. Ba5+ Kd7 26. Qe2 Qc6 27. Rfd1 Qc4 28. Qd2 Qc2 29.
Qe1 Qa4 30. Bd2 Qb5 31. Rdc1 Rxc1 32.
Rxc1 Rc8 33. e4 Rxc1 34. Bxc1 fxe4 35.
Qxe4 Qc4 36. Bd2 Qxd4 37. Qf5+ Ke7 38. Be1 Qe5 39. Qxe5+ Bxe5 40. b3 Nc3 41. a4 Kd6 42. g3 Kc5 43. f4 gxf4 44. gxf4 Ne2+ 45. Kf2 Nxf4 46. Kf3 Nd3 47. Bd2 Kd5 1-0

[Event "Kvibergspelen 2022"]
[Site "Kviberg Park Hotel & Conference, Krutvagen 2, Gothenburg, Sweden"]
[Date "2022.09.30"]
[Round "3.2"]
[White "Hillarp, Tiger"]
[Black "Bohman Karlholm, Adrian"]
[Result "1-0"]
[TimeControl "15 minutes + 5 seconds per move from move one (Round 1 - 4) / 90 minutes + 30 seconds per move from move one (Round 5 - 8)"]
[WhiteTitle "GM"]
[WhiteFideId "1700812"]
[BlackFideId "1720643"]
[WhiteElo "2511"]
[BlackElo "2117"]

1. Nf3 d5 2. c4 dxc4 3. e3 Nf6 4. Bxc4 e6 5. d4 c5 6. dxc5 Qxd1+ 7. Kxd1 Bxc5 8. Ke2 Nc6 9. a3 Bd7 10.
b4 Be7 11. Bb2 Rc8 12. Nbd2 O-O 13. Rhc1 a6 14. Nb3 Ne4 15. Bd3 Nd6 16. Nc5 Rfd8 17. Nxd7 Rxd7 18. Rc2 Rdd8 19. Rac1 Na7 20.
g4 Rxc2+ 21. Rxc2 Rc8 22. Rxc8+ Naxc8 23. Nd2 Nb6 24. Bd4 Nd5 25. Nb3 Nc7 26. Na5 Ncb5 27. Bb2 Bd8 28. f4 f6 29.
e4 Bxa5 30. bxa5 Nc7 31. e5 fxe5 32. Bxe5 Nce8 33. Ke3 g6 34. Kd4 Kf7 35. Kc5 Ke7 36. h4 Kd7 37. Bc2 Ke7 38. Kb6 Nc4+ 39.
Kxb7 Nxa5+ 40. Kxa6 Nc6 41. Kb6 Nxe5 42. fxe5 Kd8 43. Kc6 Nc7 44. Kd6 1-0

[Event "Kvibergspelen 2022"]
[Site "Kviberg Park Hotel & Conference, Krutvagen 2, Gothenburg, Sweden"]
[Date "2022.09.30"]
[Round "3.3"]
[White "Briem, Stephan"]
[Black "Abdrlauf, Elham"]
[Result "0-1"]
[TimeControl "15 minutes + 5 seconds per move from move one (Round 1 - 4) / 90 minutes + 30 seconds per move from move one (Round 5 - 8)"]
[BlackTitle "IM"]
[WhiteFideId "2312506"]
[BlackFideId "1533533"]
[WhiteElo "2083"]
[BlackElo "2487"]

1. d4 Nf6 2. c4 e6 3.
Nc3 d5 4. cxd5 exd5 5. Bg5 c6 6. Qc2 Bd6 7. e3 O-O 8. Bd3 h6 9. Bh4 Re8 10. Bg3 Bxg3 11. hxg3 c5 12.
Nf3 c4 13. Bf5 Nc6 14. a3 a6 15. O-O b5 16. Bxc8 Qxc8 17. Rfd1 Rb8 18. b3 b4 19. Na4 cxb3 20. Qxb3 Na5 21. Qd3 b3 22. Nc5 b2 23.
Rab1 Ne4 24. Na4 Rb3 25. Qe2 Qc4 26. Qxc4 Nxc4 27. Ne1 Ned2 28. Rxb2 Nxb2 0-1

[Event "Kvibergspelen 2022"]
[Site "Kviberg Park Hotel & Conference, Krutvagen 2, Gothenburg, Sweden"]
[Date "2022.09.30"]
[Round "3.4"]
[White "Kucuksari, Kaan"]
[Black "Strom-Engdahl, Alexander"]
[Result "1/2-1/2"]
[TimeControl "15 minutes + 5 seconds per move from move one (Round 1 - 4) / 90 minutes + 30 seconds per move from move one (Round 5 - 8)"]
[WhiteTitle "FM"]
[WhiteFideId "6380166"]
[BlackFideId "1741586"]
[WhiteElo "2482"]
[BlackElo "2114"]

1. d4 Nf6 2. c4 e6 3. Nf3 d5 4.
g3 Be7 5. Bg2 O-O 6. O-O Nbd7 7. Qc2 c5 8. cxd5 exd5 9. dxc5 Nxc5 10. Nc3 Nce4 11. Nd4 Nxc3 12. Qxc3 Bd7 13. Bf4 Rc8 14.
Qb3 Bc6 15. Rac1 Qd7 16. Qd3 Rfe8 17. Rfd1 Qg4 18. h3 Qg6 19. Nxc6 bxc6 20. Qa6 Ne4 21. Qxa7 Qf6 22. Qd4 Qxd4 23.
Rxd4 Bf6 24. Rb4 g5 25. Bxe4 gxf4 26. Bf5 Rc7 27. Bd3 fxg3 28. fxg3 h5 29. b3 Bg5 30. Rc2 Be3+ 31. Kg2 Re6 32.
Bf5 Rf6 33. g4 hxg4 34. hxg4 Kg7 35. Rb8 Ra7 36. a4 Re7 37. a5 Rh6 38. Rb4 c5 39. Rb6 Rxb6 40. axb6 c4 41. bxc4 dxc4 42.
Rxc4 Bxb6 43. Bd3 Be3 44. Kf3 Bg5 45. Rc5 f6 46. Rd5 Re3+ 47. Kf2 Re5 48. Rd7+ Kf8 49. Bf5 Ke8 50. Rb7 Re3 51.
Bd3 Kd8 52. Rg7 Rh3 53. Bb5 Rb3 54. Bd3 Ke8 55. Rg8+ Ke7 56. Rg7+ Kf8 57. Rc7 Rb2 58. Kf3 Rb3 59. Ke4 Rb4+ 60.
Bc4 Ke8 61. Kd5 Kd8 62. Rg7 Rb2 63. Kd6 Rb6+ 64. Kc5 Be3+ 65. Kd5 Bg5 66. e4 Bf4 67. Rh7 Rd6+ 68. Kc5 Rd7 69. Rh8+ Kc7 70. Be6 Be3+ 71. Kb5 Re7 72. Bf5 Kd6 73. Kc4 Ke5 74. Kd3 Bg5 75. Rd8 Ra7 76. Kc4 Rc7+ 77.
Kb5 Rb7+ 78. Kc6 Rb1 79. Rd5+ Kf4 80. Kd6 Rb6+ 81. Ke7 Rb7+ 82. Kf8 Ra7 83. Rb5 Rc7 84.
Ke8 Ra7 85. Rb4 Ke5 86. Bd7 Ra8+ 87. Kf7 Ra7 88. Ke8 Ra8+ 89. Kf7 Ra7 90. Rb5+ Kxe4 91. Ke6 Ra6+ 92. Ke7 Ra7 93. Rf5 Ra6 94. Bc8 Ra7+ 95. Ke6 Rc7 96. Bd7 Rc3 97. Bb5 Rg3 98.
Be2 Re3 99. Bd1 Kd4+ 100. Kf7 Re5 101. Rf1 Ra5 102. Bc2 Ke3 103. Bf5 Ke2 104. Rb1 Ra7+ 105. Ke6 Ke3 106. Rb5 Kf4 107. Kd5 Re7 108. Rb4+ Kf3 109.
Be6 Kg3 110. Ra4 Rb7 111. Ke4 Rb6 112. Ra3+ Kf2 113. Bc4 Rb2 114. Rf3+ Kg2 115. Rd3 Re2+ 116. Kf5 Re5+ 117. Kg6 Kf2 118.
Rb3 Re4 119. Bd5 Rxg4 120. Rf3+ Ke1 121. Rf5 Rd4 122. Kf7 Kd2 123. Ke6 Rf4 124. Bf3 Rxf5 125. Kxf5 Kc1 126. Ke6 Kd2 127.
Kf5 1/2-1/2

[Event "Kvibergspelen 2022"]
[Site "Kviberg Park Hotel & Conference, Krutvagen 2, Gothenburg, Sweden"]
[Date "2022.09.30"]
[Round "3.5"]
[White "Tabaa, Ghayth"]
[Black "Hector, Jonny"]
[Result "0-1"]
[TimeControl "15 minutes + 5 seconds per move from move one (Round 1 - 4) / 90 minutes + 30 seconds per move from move one (Round 5 - 8)"]
[BlackTitle "GM"]
[WhiteFideId "7603819"]
[BlackFideId "1700090"]
[WhiteElo "2066"]
[BlackElo "2454"]

1. e4 e5 2. Nf3 Nc6 3. d4 exd4 4. Nxd4 Nf6 5. Nxc6 bxc6 6. e5 Qe7 7. Qe2 Nd5 8. h4 f6 9. exf6 Nxf6 10.
Bg5 Rb8 11. b3 Qxe2+ 12. Bxe2 Ne4 13.
Bd3 Bb4+ 14. Ke2 d5 15. Bxe4 dxe4 16. c3 Ba5 17. b4 Bb6 18. Nd2 O-O 19. Be3 Bg4+ 20. Ke1 Bxe3 21. fxe3 Rbd8 22.
Rf1 Rd3 23. Rxf8+ Kxf8 24. Nb3 Rxe3+ 25. Kd2 Re2+ 26. Kc1 Rxg2 27. Nd4 e3 0-1

[Event "Kvibergspelen 2022"]
[Site "Kviberg Park Hotel & Conference, Krutvagen 2, Gothenburg, Sweden"]
[Date "2022.09.30"]
[Round "3.6"]
[White "Stefansson, Vignir Vatnar"]
[Black "Borvander, Tom"]
[Result "1-0"]
[TimeControl "15 minutes + 5 seconds per move from move one (Round 1 - 4) / 90 minutes + 30 seconds per move from move one (Round 5 - 8)"]
[WhiteTitle "IM"]
[WhiteFideId "2308649"]
[BlackFideId "1707388"]
[WhiteElo "2452"]
[BlackElo "2098"]

1. d4 Nf6 2. c4 g6 3.
Nc3 Bg7 4. e4 d6 5. Be2 O-O 6.
Nf3 e5 7. dxe5 dxe5 8. Qxd8 Rxd8 9.
Bg5 Re8 10. O-O-O h6 11. Bh4 Na6 12. Ne1 Be6 13. Nc2 c6 14. f3 Nh5 15. Bf2 Bf8 16. a3 Nc5 17. b4 Nd7 18. g3 a5 19.
Kb2 Nhf6 20. Rd2 axb4 21. axb4 c5 22. b5 Nb6 23. Kb3 Ra5 24. Ra1 Rea8 25. Rxa5 Rxa5 26. Rd1 Be7 27. Be1 Ra8 28. Ne3 Kg7 29. f4 exf4 30.
gxf4 h5 31. f5 gxf5 32. exf5 Bc8 33. Bg3 Nbd7 34. Bf3 Ng4 35. Nxg4 hxg4 36. Bxg4 Bf6 37. Ne4 b6 38. Nxf6 Kxf6 39. Rd6+ Kg5 40. h3 Nf6 41.
Bh4+ Kxh4 42. Rxf6 Ra1 43. Rxb6 Rf1 44. Rf6 Bb7 45. Rxf7 Be4 46. Re7 Bd3 47. Re5 Rb1+ 48. Kc3 1-0

[Event "Kvibergspelen 2022"]
[Site "Kviberg Park Hotel & Conference, Krutvagen 2, Gothenburg, Sweden"]
[Date "2022.09.30"]
[Round "3.7"]
[White "Golubka, Petro"]
[Black "Lyngsjo, Hakan"]
[Result "1/2-1/2"]
[TimeControl "15 minutes + 5 seconds per move from move one (Round 1 - 4) / 90 minutes + 30 seconds per move from move one (Round 5 - 8)"]
[WhiteTitle "GM"]
[WhiteFideId "14114224"]
[BlackFideId "1701649"]
[WhiteElo "2360"]
[BlackElo "2007"]

1. d4 Nf6 2. Nc3 d5 3. Bg5 Ne4 4.
Nxe4 dxe4 5. c3 h6 6. Bf4 Bf5 7. Qb3 Qc8 8. e3 Nd7 9. Bc4 e6 10. Ne2 Nb6 11. Ng3 Nxc4 12. Qxc4 Bd6 13.
Bxd6 cxd6 14. Qxc8+ Rxc8 15. Kd2 Kd7 16. Rhc1 Rc7 17. b3 Rhc8 18. c4 Bg6 19. h4 f6 20. h5 Be8 21. a4 Ke7 22. a5 f5 23. a6 b6 24. d5 Kf6 25.
dxe6 Kxe6 26. Ne2 Ke5 27. Nf4 Bf7 28. f3 d5 29. cxd5 Rxc1 30. Rxc1 Rxc1 31. Kxc1 Bxd5 32. Nxd5 Kxd5 33. Kd2 Kc6 34. Kc3 Kc5 35. f4 Kb5 36. Kd4 Kb4 37. Kd5 Kxb3 38. Kc6 Kc4 39. Kb7 b5 40. Kxa7 b4 41. Kb7 b3 42. a7 b2 43. a8=Q b1=Q+ 44. Kc7 Kd3 45. Qa3+ Ke2 46. Qc3 Qd3 47. Qxg7 1/2-1/2